 Dungeon Crawl Stone Soup version 0.32-a0-747-gc8563f6773 (webtiles) character file.

Game seed: 2495460580142601670

8239 ragingrage the Grappler (level 10, -4/121 HPs)
             Began as a Demigod Shapeshifter on Mar 17, 2024.
             Slain by a two-headed ogre
             ... wielding a +0 giant club
              (16 damage)
             ... on level 10 of the Dungeon.
             The game lasted 00:11:31 (9713 turns).

ragingrage the Grappler (Demigod Shapeshifter)      Turns: 9713, Time: 00:11:31

Health: -4/121     AC: 25    Str: 29    XL:     10   Next: 80%
Magic:  14/14      EV:  2    Int: 12    God:
Gold:   559        SH:  0    Dex: 17    Spells: 9/9 levels left

rFire   . .          .
                       - Unarmed
rCold   . . .        (no shield)
rNeg    . . .        r - melded +2 ring mail {rPois}
rPois   +            K - melded +1 helmet
rElec   .            (cloak currently unavailable)
rCorr   .            s - melded +0 pair of gloves
SInv    .            (boots currently unavailable)
Will    +....        N - amulet of regeneration
Stlth   ++           u - +6 ring of strength
HPRegen 1.20/turn    (no ring)
MPRegen 0.14/turn

%: no passive effects
@: tree-form
A: stationary, stasis, torment immunity, boosted hp, high MP 2, forlorn, divine
attributes, (hooves 1)
a: no special abilities


You were on level 10 of the Dungeon.
You were a tree.
You visited 1 branch of the dungeon, and saw 11 of its levels.
You also visited: Sewer.

You collected 559 gold pieces.

Inventory:

Hand Weapons
 b - the +6 orcbow of Bomorgho {freeze, +Blink Int+4}
   (You found it on level 3 of the Dungeon)

   Int+4:     It affects your intelligence (+4).
   +Blink:    It lets you blink.
 c - a +2 dagger of venom
Missiles
 h - 3 javelins
 H - 6 poisoned darts (quivered)
 P - a throwing net
Armour
 r - a +2 ring mail of poison resistance (melded)
 s - a +0 pair of gloves (melded)
 K - a +1 helmet (melded)
 S - +0 acid dragon scales
Jewellery
 g - an amulet of guardian spirit
 u - a +6 ring of strength (left branch)
 N - an amulet of regeneration (around neck)
 Q - a +5 ring of evasion
Talismans
 a - a beast talisman (active)
 d - a flux talisman
Wands
 l - a wand of light (6)
 G - a wand of charming (24)
 L - a wand of warping (14)
Scrolls
 e - 4 scrolls of amnesia {unknown}
 f - 4 scrolls of poison {unknown}
 j - 3 scrolls of identify {unknown}
 k - 2 scrolls of blinking {unknown}
 o - 3 scrolls of silence {unknown}
 p - 3 scrolls of fear {unknown}
 w - a scroll of summoning {unknown}
 x - 3 scrolls of teleportation {unknown}
 B - 2 scrolls of revelation {unknown}
 C - 2 scrolls of enchant weapon {unknown}
 D - 3 scrolls of noise {unknown}
 E - a scroll of acquirement {unknown}
 I - 3 scrolls of immolation {unknown}
 O - a scroll of enchant armour {unknown}
 R - a scroll of fog {unknown}
Potions
 i - 3 potions of magic
 m - a potion of resistance {unknown}
 n - 4 potions of curing
 q - a potion of berserk rage {unknown}
 t - 2 potions of enlightenment
 v - a potion of invisibility {unknown}
 y - a potion of lignification
 z - 2 potions of might {unknown}
 A - 2 potions of haste {unknown}
 F - a potion of degeneration
 J - 2 potions of mutation
 M - 3 potions of brilliance


   Skills:
 - Level 5.0 Fighting
 + Level 7.9 Dodging
 - Level 2.0 Stealth
 - Level 11.0 Unarmed Combat
 - Level 7.0 Shapeshifting


You had 9 spell levels left.
You didn't know any spells.
Your spell library contained the following spells:

 Spells                   Type           Power      Damage    Failure   Level
 Magic Dart               Conj           0%         1d3       32%         1
 Sandblast                Erth           0%         2d4       32%         1
 Searing Ray              Conj           0%         2d4       45%         2
 Stone Arrow              Conj/Erth      0%         3d7       69%         3
 Brom's Barrelling Bould  Conj/Erth      0%         2d3       97%         4
 Fulminant Prism          Conj/Alch      0%         3d5       97%         4


Dungeon Overview and Level Annotations

Branches:
Dungeon (11/15)            Temple (0/1) D:7            Lair (0/5) D:8
  Sewer (visited)
    Orc: D:9-12

Annotations:
D:9 2 transporters, DaftaChap's ghost, journeyman GrEE; Jeremiah
D:11 Sonja


Innate Abilities, Weirdness & Mutations

You are a tree.
Your roots penetrate the ground, keeping you stationary.
You cannot be teleported.
You are immune to unholy pain and torment.
Your maximum health is greatly increased.
Your equipment is partially melded.
You have a considerably increased reservoir of magic. (+20% MP)
You shall have no god before yourself.
Your divine heritage dramatically boosts your attributes as you level up.
((You have large cloven feet.))


Message History

You kill the yak!
Your life force feels restored.
You pummel the yak!! The yak completely misses you.
You pummel the yak!!
You kill the yak!
You pummel the yak!! The yak completely misses you.
You pummel the yak!!
You kill the yak!
You barely miss the yak. The yak gores you but does no damage.
A two-headed ogre opens the door.
You barely miss the yak. The yak gores you!
You barely miss the yak. The yak gores you but does no damage.
You pummel the yak!!
The two-headed ogre hits you with a +0 giant club. x2
You smack the yak!
You punch the yak. The yak gores you.
You closely miss the two-headed ogre.
The two-headed ogre hits you with a +0 giant club.
The two-headed ogre hits you but does no damage.
The yak gores you.
You barely miss the two-headed ogre. The yak gores you but does no damage.
You hit the two-headed ogre.
The two-headed ogre hits you with a +0 giant club.
The two-headed ogre barely misses you.
You pummel the two-headed ogre!! Your punch misses the two-headed ogre.
The yak completely misses you.
Unknown command.
You hit the two-headed ogre but do no damage.
The two-headed ogre hits you with a +0 giant club! x2
The yak gores you but does no damage.
You hit the two-headed ogre. The yak gores you but does no damage.
The two-headed ogre hits you with a +0 giant club!
* * * LOW HITPOINT WARNING * * *
The two-headed ogre hits you but does no damage.
You hit the two-headed ogre but do no damage.
The yak gores you but does no damage.
You smack the two-headed ogre!
The two-headed ogre hits you with a +0 giant club!!
* * * LOW HITPOINT WARNING * * *
The two-headed ogre hits you with a +0 giant club!
You die...

###.....................# #..#
#..................)..# #..#
..#.....>........#####).# #..#
..#..............#...#..#####..#
..####...........#...#..†......#
>.. #...........#...#.........#
.Y. #...#######.+...#.........#
.Y. #.###.....OY#...#.........#
... #.#.......#♣#.###.........#
#.##......#.###...........#
#..#......#...............#
######..#......+...............#
........#....).+........########
........#.##'#.#........#
........#.#..###........####
........###................#
............######.........#


You could see a two-headed ogre and a yak.

Vanquished Creatures
  Pikel (D:7)
  An elephant (D:8)
  A wyvern (D:8)
  16 yaks
  A basilisk (D:8)
  Eustachio (D:5)
  A steam dragon (D:9)
  An acid dragon (D:10)
  Duvessa (D:7)
  3 ice beasts
  A sky beast (D:7)
  Pargi (Sewer)
  4 orc warriors
  3 black bears
  An ogre (D:6)
  3 centaurs
  4 lemures (D:7)
  2 kobold brigands
  3 bullfrogs
  4 scorpions
  15 wights
  10 killer bees (D:8)
  Dowan (D:7)
  4 bombardier beetles
  A howler monkey (D:6)
  2 hounds
  2 jellies
  6 orc priests
  2 sleepcaps
  Ijyb (D:5)
  A gnoll bouda (D:6)
  3 iguanas
  Terence (D:2)
  4 orc wizards
  Natasha (twice) (D:2)
  9 gnolls
  8 adders
  4 white imps
  2 ufetubi (D:6)
  2 dart slugs
  A ribbon worm (D:4)
  29 orcs
  8 bats
  5 endoplasms
  8 giant cockroaches
  4 hobgoblins
  A jackal (D:2)
  6 quokkas
  8 ball pythons
  8 frilled lizards
  4 goblins
  18 kobolds
  5 rats
238 creatures vanquished.

Vanquished Creatures (collateral kills)
  An orc (D:11)
1 creature vanquished.

Vanquished Creatures (others)
  3 wights (D:7)
3 creatures vanquished.

Grand Total: 242 creatures vanquished

Notes
Turn   | Place    | Note
-------+----------+-------------------------------------------
     0 | D:1      | ragingrage the Demigod Shapeshifter began the quest for the
                  | Orb.
     0 | D:1      | Reached XP level 1. HP: 15/15 MP: 3/3
    22 | D:1      | Reached skill level 1 in Fighting
   206 | D:1      | Reached XP level 2. HP: 23/23 MP: 4/4
   223 | D:1      | Reached skill level 3 in Unarmed Combat
   468 | D:1      | Reached XP level 3. HP: 28/28 MP: 5/5
   487 | D:1      | Reached skill level 1 in Stealth
   745 | D:2      | Noticed Terence
   758 | D:2      | Killed Terence
   812 | D:2      | Reached XP level 4. HP: 33/36 MP: 6/6
   942 | D:2      | Noticed Natasha
   953 | D:2      | Killed Natasha
  1033 | D:2      | Noticed Natasha
  1040 | D:2      | Killed Natasha
  1350 | D:2      | Reached XP level 5. HP: 38/41 MP: 7/7
  1713 | D:3      | Reached skill level 4 in Unarmed Combat
  1876 | D:3      | Identified the +6 orcbow of Bomorgho {freeze, +Blink Int+4}
  2050 | D:3      | Found a glowing drain.
  2054 | Sewer    | Entered a sewer
  2078 | Sewer    | Reached XP level 6. HP: 43/48 MP: 6/8
  2182 | Sewer    | Noticed Pargi
  2188 | Sewer    | Killed Pargi
  2630 | D:3      | Reached skill level 5 in Unarmed Combat
  3177 | D:5      | Entered Level 5 of the Dungeon
  3510 | D:5      | Reached XP level 7. HP: 52/55 MP: 7/9
  3605 | D:5      | Reached skill level 5 in Shapeshifting
  4642 | D:5      | Noticed Eustachio
  4681 | D:5      | Reached skill level 6 in Unarmed Combat
  4983 | D:5      | Noticed Ijyb
  4996 | D:5      | Killed Ijyb
  5010 | D:5      | Gained mutation: You have large cloven feet. [potion of
                  | mutation]
  5010 | D:5      | Gained mutation: You have a considerably increased
                  | reservoir of magic. (+20% MP) [potion of mutation]
  5426 | D:5      | Killed Eustachio
  5427 | D:5      | Reached skill level 7 in Unarmed Combat
  5427 | D:5      | Reached XP level 8. HP: 43/61 MP: 8/11
  5674 | D:6      | Reached skill level 8 in Unarmed Combat
  6576 | D:7      | Noticed Pikel
  6597 | D:7      | Killed Pikel
  6598 | D:7      | Reached skill level 9 in Unarmed Combat
  6598 | D:7      | Reached XP level 9. HP: 61/67 MP: 9/12
  7141 | D:7      | Reached skill level 10 in Unarmed Combat
  7521 | D:7      | Noticed Duvessa
  7527 | D:7      | Noticed Dowan
  7529 | D:7      | Killed Duvessa
  7534 | D:7      | Killed Dowan
  7573 | D:7      | Found a staircase to the Ecumenical Temple.
  7637 | D:7      | Reached skill level 11 in Unarmed Combat
  8194 | D:8      | Noticed an elephant
  8212 | D:8      | Killed an elephant
  8213 | D:8      | Reached XP level 10. HP: 62/80 MP: 12/14
  8288 | D:8      | Found a staircase to the Lair.
  8313 | D:8      | Reached skill level 5 in Fighting
  8785 | D:8      | Reached skill level 5 in Dodging
  9132 | D:9      | Found a transporter.
  9192 | D:9      | Noticed a rust devil
  9202 | D:9      | Found a transporter.
  9202 | D:9      | Noticed DaftaChap's ghost (journeyman GrEE)
  9271 | D:9      | Noticed Jeremiah
  9287 | D:10     | Entered Level 10 of the Dungeon
  9640 | D:10     | Noticed a two-headed ogre
  9642 | D:11     | Noticed Sonja
  9713 | D:10     | Slain by a two-headed ogre

Illustrated notes

Levels and vault maps discovered:
D:1:      roderic_octagonal_star, layout_rooms, ebering_ecumenical_altar_rust,
          minmay_split_cup_small
D:2:      minmay_razor_zed, layout_rooms, basic_altar, uniq_terence,
          uniq_natasha
D:3:      layout_loops_ring, gup_sewer_entry_bowl, minmay_checkerbox
D:4:      layout_layer_cave, mainiacjoe_overflow_two_lobes, minmay_cut_off
D:5:      layout_loops_corners, uniq_ijyb, uniq_eustachio
D:6:      layout_loops_cross, minmay_misc_feat_iff
D:7:      lemuel_ice_spiral_2, layout_basic,
          riverfiend_overflow_shadow_ancestor, nicolae_ru_the_path_less_chosen,
          fedhas_altar_decomposition, mainiacjoe_overflow_catwalk,
          minmay_temple_entry_statues_pillars, st_stairs_6, uniq_pikel,
          uniq_duvessa
D:8:      layout_loops_ring, david_lair_generic, kennysheep_path_1, st_stairs_1,
          hangedman_decor_slide_cut, minmay_misc_feat_roman
D:9:      layout_loops_ring, gammafunk_ghost_abyssal_escape, uniq_jeremiah
D:10:     layout_irregular_city, minmay_misc_feat_pillars
D:11:     layout_basic, minmay_misc_feat_x, glass_columns_a, uniq_sonja,
          uniq_lodul

Skill      XL: |  1  2  3  4  5  6  7  8  9 10 |
---------------+-------------------------------+-----
Fighting       | 1 2 4 5 |  5.0
Unarmed Combat | 3 4 5 7 9 11 | 11.0
Shapeshifting  | 3 4 5 7 |  7.0
Stealth        | 1 2 |  2.0
Dodging        | 7 |  7.9

Action                     |  1- 3 |  4- 6 |  7- 9 | 10-12 || total
---------------------------+-------+-------+-------+-------++-------
  Melee: Unarmed           |    99 |   201 |   241 |   150 ||   691
         Punch             |     2 |     8 |    14 |    10 ||    34
         Dagger            |       |       |    18 |       ||    18
         Kick              |       |       |    62 |    44 ||   106
   Fire: Orcbow            |       |       |    41 |       ||    41
  Throw: Javelin           |     8 |     3 |     1 |       ||    12
         Dart              |       |       |    11 |       ||    11
  Evoke: Wand              |       |       |       |     3 ||     3
    Use: Potion            |       |     1 |     7 |     1 ||     9
   Stab: Sleeping          |       |     3 |     4 |       ||     7
 Armour: Scale mail        |    61 |     3 |       |       ||    64
         Animal skin       |     2 |       |       |       ||     2
         Ring mail         |       |   128 |   164 |    93 ||   385
         Skin              |       |     9 |       |    24 ||    33
  Dodge: Dodged            |    66 |    94 |   125 |    87 ||   372
   Form: Beast             |       |       |       |     1 ||     1
         Flux              |       |       |       |     1 ||     1

Table legend: (Time is in decaauts)
 A = Elapsed time spent in this place.
 B = Non-inter-level travel time spent in this place.
 C = Inter-level travel time spent in this place.
 D = Time resting spent in this place.
 E = Time spent auto-exploring this place.
 F = Levels seen in this place.
 G = Mean time per level.
                   A        B        C        D        E       F      G
               +--------+--------+--------+--------+--------+-----+--------+
         Total |   9657 |   9314 |    343 |   1299 |   6023 |  12 |  804.8 |
       Dungeon |   9151 |   8808 |    343 |   1060 |   5884 |  11 |  831.9 |
         Sewer |    506 |    506 |      0 |    239 |    138 |   1 |  506.0 |
               +--------+--------+--------+--------+--------+-----+--------+

Top non-repeatable levels by time:
     D:7: 1539 daAuts
     D:5: 1429 daAuts
     D:4: 1290 daAuts
     D:8: 1005 daAuts
     D:2: 967 daAuts
     D:6: 932 daAuts
     D:3: 757 daAuts
     D:1: 640 daAuts
   Sewer: 506 daAuts
    D:10: 382 daAuts
     D:9: 174 daAuts
    D:11: 32 daAuts
